 Dungeon Crawl Stone Soup version 0.21.1-1-g345015f (webtiles) character file.

452 Fang the Chopper (level 7, -1/44 HPs)
             Began as a Gargoyle Berserker on May 23, 2018.
             Was a Priest of Trog.
             Slain by an iguana (2 damage)
             ... on level 4 of the Dungeon.
             The game lasted 00:03:44 (3632 turns).

Fang the Chopper (Gargoyle Berserker)               Turns: 3632, Time: 00:03:45

Health: -1/44      AC:  7    Str: 23    XL:     7   Next: 4%
Magic:  7/7        EV: 12    Int:  7    God:    Trog [***...]
Gold:   182        SH:  0    Dex:  6    Spells: 6/6 levels left

rFire    x . .     SeeInvis .   a - +0 hand axe
rCold    + . .     Gourm    .   (no shield)
rNeg     + . .     Faith    .   b - +0 animal skin
rPois    ∞         Spirit   .   (no helmet)
rElec    +         Reflect  .   (no cloak)
rCorr    .         Harm     .   (no gloves)
MR       .....                  (no boots)
Stlth    +.........             (no amulet)
HPRegen  0.14/turn              d - ring of ice
MPRegen  0.10/turn              u - -3 ring of dexterity (curse)

@: very slightly contaminated
A: negative energy resistance 1, electricity resistance, unbreathing,
petrification resistance, rot immunity, AC +4
a: Berserk, Trog's Hand, Burn Spellbooks, Renounce Religion


You were on level 4 of the Dungeon.
You worshipped Trog.
Trog was most pleased with you.
You were near starving.

You visited 1 branch of the dungeon, and saw 4 of its levels.

You collected 182 gold pieces.

Inventory:

Hand Weapons
 a - a +0 hand axe (weapon)
Armour
 b - a +0 animal skin (worn)
Jewellery
 d - a ring of ice (left hand)
 t - an uncursed ring of positive energy
 u - a cursed -3 ring of dexterity (right hand)
Wands
 r - a wand of iceblast (6)
Scrolls
 e - 2 scrolls of remove curse {unknown}
 f - 2 scrolls of fear {unknown}
 g - 2 scrolls of amnesia {unknown}
 h - 2 scrolls of teleportation {unknown}
 i - 4 scrolls of identify {unknown}
 k - a scroll of enchant armour {unknown}
 l - a scroll of fog {unknown}
 p - 3 scrolls of immolation {unknown}
Potions
 j - 2 potions of might {unknown}
 m - a potion of heal wounds {unknown}
 n - 2 potions of curing {unknown}
 o - a potion of lignification {unknown}
 q - a potion of invisibility
 s - a potion of haste
Comestibles
 c - 5 rations
 v - 3 chunks of flesh


   Skills:
 + Level 4.9 Fighting
 + Level 5.3 Axes
 + Level 2.4 Armour
 + Level 2.9 Dodging
 + Level 1.4 Stealth


You had 6 spell levels left.
You didn't know any spells.

Dungeon Overview and Level Annotations

Branches:
Dungeon (4/15)
 Temple: D:4-7

Altars:
Gozag
Qazlal
Ru
Trog
Yredelemnul
The Shining One


Innate Abilities, Weirdness & Mutations

You are resistant to torment.
Your stone body is resilient. (AC +4)
You are immune to poison.
You resist negative energy. (rN+)
You are resistant to electric shocks. (rElec)
You can survive without breathing.
You are immune to petrification.
You are immune to rotting.


Message History

You flicker for a moment.
The iguana hisses angrily.
You see here an adder corpse.
You butcher the adder corpse.
You flicker back into view.
The iguana hisses angrily.
You see here a chunk of flesh.
The iguana bites you but does no damage.
You see here a chunk of flesh.
You hit the iguana.
The iguana is moderately wounded.
The iguana misses you.
You hit the iguana.
The iguana is heavily wounded.
The iguana bites you!
* * * LOW HITPOINT WARNING * * *
You hit the iguana.
The iguana is almost dead.
The iguana bites you.
You die...

#.......# .# #.....#.# ##.#
###)###.###..# .. #.# #.....#
#.#. #.# ####..## #.>.. #.#
##...#### ...# ....
####.#####..#....###.#.##.....
#........#.##..................
#.............@l.......##......
####.......##..%........#......
#.......#........###........
#...(>......................
##......#....).......##......
#.......<....................
#..................##.#...#..
#.........######..)..........
#.#.....#....(....[......#...


You could see an iguana.

Vanquished Creatures
  A bullfrog (D:2)
  A howler monkey (D:4)
  A centaur zombie (D:2)
  2 centaur skeletons (D:4)
  Ijyb (D:3)
  An orc wizard (D:3)
  13 adders
  An ooze (D:1)
  An adder skeleton (D:4)
  2 worms (D:2)
  A dart slug (D:2)
  4 leopard geckos
  6 orcs
  A ball python (D:3)
  4 bats
  3 giant cockroaches
  5 goblins
  3 hobgoblins
  5 jackals
  3 quokkas
  7 frilled lizards
  10 kobolds
  11 rats
87 creatures vanquished.

Notes
Turn   | Place    | Note
-------+----------+-------------------------------------------
     0 | D:1      | Fang the Gargoyle Berserker began the quest for the Orb.
     0 | D:1      | Reached XP level 1. HP: 14/14 MP: 1/1
    49 | D:1      | Reached XP level 2. HP: 19/19 MP: 2/2
   208 | D:1      | Reached skill level 3 in Axes
   621 | D:1      | Reached XP level 3. HP: 19/24 MP: 3/3
  1163 | D:2      | Reached XP level 4. HP: 24/29 MP: 4/4
  1202 | D:2      | Reached ** piety under Trog
  2052 | D:2      | Noticed a bullfrog
  2054 | D:2      | Reached skill level 4 in Axes
  2054 | D:2      | Reached XP level 5. HP: 33/33 MP: 5/5
  2508 | D:2      | Found a stormy altar of Qazlal.
  2570 | D:2      | Reached XP level 6. HP: 35/39 MP: 6/6
  2573 | D:2      | Found a bloodstained altar of Trog.
  2992 | D:3      | Noticed Ijyb
  3004 | D:3      | Killed Ijyb
  3004 | D:3      | Reached skill level 1 in Stealth
  3031 | D:3      | Found an opulent altar of Gozag.
  3053 | D:3      | Found a glowing golden altar of the Shining One.
  3138 | D:3      | Found a basalt altar of Yredelemnul.
  3164 | D:3      | Found a sacrificial altar of Ru.
  3459 | D:4      | Reached skill level 5 in Axes
  3527 | D:4      | Reached *** piety under Trog
  3545 | D:4      | Reached XP level 7. HP: 7/44 MP: 7/7
  3631 | D:4      | HP: 1/44 [iguana (10)]
  3632 | D:4      | Slain by an iguana

Skill      XL: |  1  2  3  4  5  6 |
---------------+-------------------+-----
Axes           | 3 4 5 |  5.3
Fighting       | 4 |  4.9
Dodging        | 2 |  2.9
Stealth        | 1 |  1.4
Armour         | |  2.4

Action                   |  1- 3 |  4- 6 |  7- 9 || total
-------------------------+-------+-------+-------++-------
Melee: Hand axe          |    87 |   220 |    20 ||   327
Invok: Berserk           |       |     4 |       ||     4
  Use: Potion            |       |       |     2 ||     2
 Stab: Sleeping          |     1 |       |       ||     1
       Paralysed         |       |     3 |       ||     3
       Invisible         |       |       |     2 ||     2
  Eat: Chunk             |       |    11 |       ||    11
Armor: Animal skin       |    38 |    73 |    15 ||   126
Dodge: Dodged            |    64 |   158 |    27 ||   249
